 Dungeon Crawl Stone Soup version 0.17.0-24-gcfadda4 (console) character file.

111 Kramin the Ducker (level 4, 0/27 HPs)
             Began as a Tengu Arcane Marksman on Nov 17, 2015.
             Succumbed to an adder's poison
             ... on level 3 of the Dungeon.
             The game lasted 00:06:33 (2615 turns).

Kramin the Ducker (Tengu Arcane Marksman)           Turns: 2615, Time: 00:06:33

Health: 0/27       AC:  4    Str: 12    XL:     4   Next: 92%
Magic:  6/7        EV: 13    Int: 12    God:
Gold:   80         SH:  0    Dex: 13    Spells: 1 memorised, 4 levels left

rFire  . . .     SeeInvis .     k - +1 whip (flame)
rCold  . . .     Clarity  .     g - +1 leather armour
rNeg   . . .     SustAt   .     (no shield)
rPois  .         Gourm    .     (helmet restricted)
rElec  .         Spirit   .     (no cloak)
rCorr  .         Warding  .     (no gloves)
rMut   .         Stasis   .     (boots unavailable)
MR     .....                    (no amulet)
Stlth  +.........               (no ring)
                                (no ring)

@: lethally poisoned (0 -> -3), not resistant to hostile enchantments, very
unstealthy
A: beak, horns 1, talons 3, dopey 1, high mp 1
a: no special abilities


You were on level 3 of the Dungeon.
You were not hungry.

You visited 1 branch of the dungeon, and saw 3 of its levels.

You collected 80 gold pieces.

Inventory:

Hand Weapons
 k - a +1 whip of flaming (weapon)
Missiles
 a - 5 javelins (quivered)
 b - 4 throwing nets
 n - 2 tomahawks
Armour
 g - a +1 leather armour (worn)
Scrolls
 i - 4 scrolls of identify
 j - 2 scrolls of recharging
 l - a scroll of remove curse
Potions
 m - a potion of cure mutation
Books
 d - a book of Debilitation

   Spells                             Type                      Level
   a - Corona                         Hexes                        1
   b - Slow                           Hexes                        2
   c - Gell's Gravitas                Hexes/Translocation          3
   d - Inner Flame                    Hexes/Fire                   3
   e - Cause Fear                     Hexes                        4
   f - Leda's Liquefaction            Hexes/Earth                  4
Comestibles
 c - a chunk of flesh
 e - a bread ration


   Skills:
 + Level 2.4 Fighting
 * Level 2.9 Maces & Flails
 - Level 2.0 Throwing
 + Level 3.4 Dodging
 - Level 1.0 Spellcasting
 - Level 2.1 Hexes


You had 4 spell levels left.
You knew the following spells:

 Your Spells              Type           Power        Failure   Level  Hunger
a - Corona                Hex            #......      21%         1    ##.....


Dungeon Overview and Level Annotations

Branches:
Dungeon (3/15)

Altars:
Dithmenos


Innate Abilities, Weirdness & Mutations

You have a beak for a mouth.
You have claws for feet.
You have a pair of small horns on your head.
You are dopey. (Int -2)
You have an increased reservoir of magic (+10% MP).


Message History

As you read the scroll labeled SOZXUI UMOHE, it crumbles to dust.
It is a scroll of identify.
Identify which item? (\ to view known items) (? for menu, Esc to quit)
j - 2 scrolls of recharging
* * * LOW HITPOINT WARNING * * *
You feel sick.
Read which item? (? for menu, Esc to quit)
As you read the scroll labeled GITZYM XEQE, it crumbles to dust.
You feel blessed for a moment.
It was a scroll of remove curse.
Read which item? (? for menu, Esc to quit)
As you read the scroll labeled BEETSYQACETZ, it crumbles to dust.
It is a scroll of enchant armour.
Enchant which item? (? for menu, Esc to quit)
Your +0 leather armour glows green for a moment.
* * * LOW HITPOINT WARNING * * *
You feel sick.
Unknown command.
Unknown command.
Unknown command.
You die...

###########
############.........###..
...........+............
##.##.#.####.......†.#
......#.# #.........#
........# #.........#
.#.#....####.........#
.#.#.............##.#..#
.#.####.########@# .#.##
.#....#.## #.# .. .
.####.#..# #.# ##. .
.#..#.##.## #.# ..#.
.#..#.##..# #.# .#
.#..#.###.## #.# ....#.#
#..# #.# )..##.# ##.# #.#
......# #.## #.#


There were no monsters in sight!

Vanquished Creatures
  4 gnolls (D:3)
  3 adders
  An orc (D:3)
  3 giant cockroaches
  5 goblins
  5 kobolds
  A ball python (D:1)
  13 bats
  3 giant geckos (D:1)
  2 giant newts
  7 rats
47 creatures vanquished.

Notes
Turn   | Place    | Note
--------------------------------------------------------------
     0 | D:1      | Kramin the Tengu Arcane Marksman began the quest for the Orb.
     0 | D:1      | Reached XP level 1. HP: 12/12 MP: 3/3
   335 | D:1      | Reached XP level 2. HP: 16/16 MP: 4/4
  1307 | D:2      | Reached XP level 3. HP: 18/21 MP: 5/5
  1350 | D:2      | Found a shadowy altar of Dithmenos.
  1531 | D:2      | Reached skill level 3 in Dodging
  1546 | D:2      | Reached skill level 1 in Maces & Flails
  2092 | D:3      | Reached XP level 4. HP: 23/26 MP: 6/6
  2608 | D:3      | Gained mutation: You have an increased reservoir of magic (+10% MP). [potion of mutation]
  2608 | D:3      | Gained mutation: You are dopey. (Int -2) [potion of mutation]
  2608 | D:3      | Gained mutation: You have a pair of small horns on your head. [potion of mutation]
  2611 | D:3      | HP: 1/27 [poisoned by an adder]
  2615 | D:3      | Succumbed to an adder's poison

Action                   |  1- 3 |  4- 6 || total
-------------------------+-------+-------++-------
Melee: Unarmed           |    45 |       ||    45
       Whip              |    61 |    44 ||   105
       Short sword       |    13 |       ||    13
Throw: Javelin           |     3 |       ||     3
  Use: Scroll            |       |     3 ||     3
       Potion            |       |     2 ||     2
 Stab: Sleeping          |     6 |       ||     6
       Distracted        |     1 |       ||     1
  Eat: Chunk             |     4 |     1 ||     5
